 Dungeon Crawl Stone Soup version 0.14-a0-1266-g856eec9 (webtiles) character file.

1388 Daniel the Ruinous (level 8, -2/46 HPs)
             Began as a High Elf Fire Elementalist on Dec 3, 2013.
             Slain by an iguana (11 damage)
             ... on Level 7 of the Dungeon.
             The game lasted 00:24:21 (4433 turns).

Daniel the Ruinous (High Elf Fire Elementalist)     Turns: 4433, Time: 00:24:21

HP  -2/46        AC  5     Str  8      XL: 8   Next:  6%
MP  17/24        EV 16     Int 25      God:
Gold 329         SH  0     Dex 18      Spells:  7 memorised,  2 levels left

rFire  + . .     SeeInvis .     l - +0 short sword
rCold  x . .     Clarity  .     C - +2 leather armour of Defence {Str+1 Dex-4 Int+2}
rNeg   . . .     Conserve .     (no shield)
rPois  .         rCorr    .     j - +0 wizard hat {Int+3}
rElec  .         rRot     .     (no cloak)
SustAb . .       Spirit   .     (no gloves)
rMut   .         Warding  .     (no boots)
Saprov . . .     Stasis   .     (no amulet)
                                (no ring)
                                z - ring of fire

@: agile, somewhat resistant to hostile enchantments, quite stealthy
A: no striking features
a: no special abilities


You were on level 7 of the Dungeon.
You were not hungry.

You visited 1 branch of the dungeon, and saw 7 of its levels.

You collected 329 gold pieces.

Inventory:

Hand weapons
 l - a +0,+0 short sword (weapon)
Armour
 a - a +0 elven robe
 j - a +0 wizard hat of intelligence (worn)
 C - the +2 leather armour of Defence (worn) {Str+1 Dex-4 Int+2}
   (You found it on level 4 of the Dungeon)

   It affects your strength (+1).
   It affects your intelligence (+2).
   It affects your dexterity (-4).
Magical devices
 v - a wand of paralysis (17)
 G - a wand of disintegration (6)
Comestibles
 c - 9 bread rations
 f - 2 meat rations
 g - 6 grapes
 r - 2 apples
 w - a choko
Scrolls
 d - 5 scrolls of remove curse {unknown}
 k - 2 scrolls of blinking {unknown}
 n - a scroll of amnesia {unknown}
 q - a scroll of enchant armour {unknown}
 y - 3 scrolls of enchant weapon II {unknown}
 A - a scroll of curse armour {unknown}
 B - 2 scrolls of identify {unknown}
 E - a scroll of teleportation
 F - a scroll of fear {unknown}
Jewellery
 u - an uncursed ring of ice
 z - a ring of fire (left hand)
 I - an uncursed amulet of clarity {unknown}
Potions
 e - a potion of confusion {unknown}
 h - 2 potions of brilliance {unknown}
 i - a potion of degeneration {unknown}
 m - a potion of lignification {unknown}
 o - 2 potions of agility
 p - a potion of flight {unknown}
 s - 2 potions of curing
 t - a potion of heal wounds {unknown}
 x - a potion of restore abilities {unknown}
Books
 b - a book of Flames

   Spells                             Type                      Level
   *Flame Tongue                      Conjuration/Fire             1
   *Throw Flame                       Conjuration/Fire             2
   *Conjure Flame                     Conjuration/Fire             3
   Inner Flame                        Hexes/Fire                   3
   *Sticky Flame                      Conjuration/Fire             4
   Fireball                           Conjuration/Fire             5
 D - a book of Minor Magic

   Spells                             Type                      Level
   Magic Dart                         Conjuration                  1
   *Blink                             Translocation                2
   Call Imp                           Summoning                    2
   *Repel Missiles                    Charms/Air                   2
   Slow                               Hexes                        2
   *Conjure Flame                     Conjuration/Fire             3
   *Mephitic Cloud                    Conjuration/Poison/Air       3


   Skills:
 - Level 2.1 Dodging
 - Level 2.1 Stealth
 + Level 6.2 Spellcasting
 * Level 6.8 Conjurations
 - Level 5.5 Fire Magic


You had 2 spell levels left.
You knew the following spells:

 Your Spells              Type           Power        Failure   Level  Hunger
a - Flame Tongue          Conj/Fire      #####        1%          1    None
b - Throw Flame           Conj/Fire      ######       1%          2    None
c - Conjure Flame         Conj/Fire      ######..     1%          3    #......
d - Sticky Flame          Conj/Fire      ######..     8%          4    ###....
e - Blink                 Tloc           N/A          12%         2    None
f - Repel Missiles        Chrm/Air       #.........   12%         2    None
g - Mephitic Cloud        Conj/Pois/Air  ###.....     12%         3    #......


Dungeon Overview and Level Annotations

Branches:
Dungeon (7/16)             Temple (0/1) D:7

Altars:
Sif Muna
Xom
Yredelemnul
Zin

Shops:
D:6 (

Annotations:
D:4 Duvessa, Eustachio, Sigmund
D:7 Joseph


Message History

It was a potion of agility.
The centaur unwields an uncursed bow.
The centaur barely misses you. The kobold hits you but does no damage.
The goblin closely misses you.
Unknown command.
The centaur wields an uncursed bow.
The centaur shoots an arrow.
The arrow hits you!
* * * LOW HITPOINT WARNING * * *
The iguana closely misses you. The kobold hits you but does no damage.
The hound bites you but does no damage.
Joseph shoots a sling bullet.
The sling bullet hits you!
* * * LOW HITPOINT WARNING * * *
You see here a sling bullet.
An orc comes into view. It is wielding an orcish trident.
The orc shouts!
The hound misses you. The iguana barely misses you.
The hound pauses to sniff the ground.
The hound closely misses you. The iguana bites you!
You die... ▒ ∙▒▒ ∙∙∙▒ ∙∙∙ ▒▒▒▒▒▒▒▒■▒∙∙ ▒▒▒▒▒▒ ∙∙∙∙∙∙∙∙∙∙▒▒▒▒▒▒▒▒▒∙)∙∙▒ ▒∙∙∙∙∙∙∙∙∙∙∙∙∙∙∙∙∙∙∙∙∙∙∙▒ ▒∙∙∙o∙∙∙@K∙∙∙∙∙∙∙∙∙∙∙∙∙∙▒ ▒∙∙∙∙∙∙∙hlg∙(∙∙∙∙∙(∙∙∙∙%▒

▒∙∙∙∙∙∙∙c∙∙∙∙∙∙∙∙∙∙∙∙∙∙∙%
∙∙∙∙∙∙∙∙[∙∙∙%∙∙∙∙∙∙∙∙∙∙▒
▒▒▒▒▒▒▒▒∙▒∙@∙∙∙∙∙∙∙▒▒▒▒▒
▒∙▒∙P∙P∙▒▒▒▒▒ ▒∙∙∙∙>∙∙▒
▒∙▒∙P∙P∙▒ ▒∙▒∙∙∙∙∙▒


You could see Joseph, a centaur, an iguana, a hound, an orc, a goblin and a
kobold.

Vanquished Creatures
  Prince Ribbit (D:7)
  2 ogres
  A phantom (D:5)
  A giant frog (D:7)
  A crimson imp (D:6)
  A goliath beetle (D:6)
  Dowan (D:4)
  2 orc priests (D:3)
  2 giant frog skeletons
  A centaur skeleton (D:5)
  3 worker ants
  Ijyb (D:3)
  8 adders
  A giant mite (D:2)
  4 worms
  A giant gecko (D:2)
  6 orcs
  2 ball pythons
  12 goblins
  11 hobgoblins
  8 jackals
  5 kobolds
  2 quokkas
  11 bats
  2 giant cockroaches
  A giant newt (D:2)
  A goblin skeleton (D:3)
  A goblin zombie (D:5)
  A kobold skeleton (D:4)
  9 rats
103 creatures vanquished.

Notes
Turn   | Place    | Note
--------------------------------------------------------------
     0 | D:1      | Daniel, the High Elf Fire Elementalist, began the quest for the Orb.
     0 | D:1      | Reached XP level 1. HP: 11/11 MP: 4/4
   243 | D:1      | Reached XP level 2. HP: 6/17 MP: 0/6
   306 | D:1      | Learned a level 2 spell: Throw Flame
   719 | D:2      | Reached XP level 3. HP: 21/21 MP: 6/9
   767 | D:2      | Learned a level 3 spell: Conjure Flame
  1229 | D:2      | Reached XP level 4. HP: 27/27 MP: 6/12
  1304 | D:3      | Reached skill level 4 in Fire Magic
  1381 | D:3      | Noticed Ijyb
  1388 | D:3      | Killed Ijyb
  1647 | D:4      | Noticed a phantom
  1706 | D:3      | Reached XP level 5. HP: 12/31 MP: 6/15
  1968 | D:3      | Noticed an ogre
  2283 | D:4      | Noticed Eustachio
  2480 | D:4      | Got a faintly humming leather armour
  2487 | D:4      | Identified the +2 leather armour of Defence {Str+1 Dex-4 Int+2} (You found it on level 4 of the Dungeon)
  2625 | D:4      | Noticed Dowan
  2645 | D:4      | Killed Dowan
  2645 | D:4      | Reached skill level 5 in Fire Magic
  2645 | D:4      | Reached XP level 6. HP: 36/36 MP: 5/18
  2652 | D:4      | Noticed Duvessa
  2880 | D:4      | Noticed Sigmund
  2982 | D:5      | Entered Level 5 of the Dungeon
  3157 | D:5      | Learned a level 4 spell: Sticky Flame
  3253 | D:5      | Found a basalt altar of Yredelemnul.
  3285 | D:5      | Found a shimmering altar of Xom.
  3286 | D:5      | Noticed an angel
  3289 | D:5      | Found a glowing silver altar of Zin.
  3359 | D:5      | Reached skill level 5 in Spellcasting
  3359 | D:5      | Reached XP level 7. HP: 33/41 MP: 11/21
  3407 | D:5      | Learned a level 2 spell: Blink
  3410 | D:5      | Learned a level 2 spell: Repel Missiles
  3528 | D:6      | Reached skill level 5 in Conjurations
  3756 | D:6      | Found Jodod's Weapon Shop.
  4156 | D:6      | Found a deep blue altar of Sif Muna.
  4330 | D:7      | Noticed Prince Ribbit
  4337 | D:7      | Killed Prince Ribbit
  4337 | D:7      | Reached skill level 6 in Spellcasting
  4351 | D:7      | Learned a level 3 spell: Mephitic Cloud
  4363 | D:7      | Reached XP level 8. HP: 34/46 MP: 14/24
  4422 | D:7      | Found a staircase to the Ecumenical Temple.
  4424 | D:7      | Noticed Joseph
  4433 | D:7      | Slain by an iguana

Action                   |  1- 3 |  4- 6 |  7- 9 || total
-------------------------+-------+-------+-------++-------
Melee: Hand axe          |    21 |       |       ||    21
       Short sword       |    18 |     4 |     2 ||    24
 Cast: Flame Tongue      |    74 |   111 |    40 ||   225
       Conjure Flame     |       |     7 |     4 ||    11
       Sticky Flame      |       |       |     4 ||     4
       Blink             |       |       |     1 ||     1
Evoke: Wand              |       |     1 |     2 ||     3
  Use: Scroll            |       |     3 |       ||     3
       Potion            |       |       |     2 ||     2
 Stab: Sleeping          |       |       |     1 ||     1
